 Dungeon Crawl Stone Soup version 0.26-a0-651-gb41185065b (webtiles) character file.

Game seed: 15364011007232767007

63 grandjackal the Ducker (level 3, 0/28 HPs)
             Began as a Demonspawn Gladiator on Sept 30, 2020.
             Slain by a gnoll
             ... wielding a +0 whip
              (3 damage)
             ... on level 1 of the Dungeon.
             The game lasted 00:01:23 (1373 turns).

grandjackal the Ducker (Demonspawn Gladiator)       Turns: 1373, Time: 00:01:24

Health: 0/28       AC:  5    Str: 15    XL:     3   Next: 89%
Magic:  3/3        EV: 13    Int:  9    God:
Gold:   78         SH:  0    Dex: 14    Spells: 2/2 levels left

rFire    . . .     SeeInvis .   a - +0 long sword
rCold    . . .     Faith    .   (no shield)
rNeg     . . .     Spirit   .   b - +0 leather armour
rPois    .         Reflect  .   c - +0 helmet
rElec    .         Harm     .   (no cloak)
rCorr    .         Rampage  .   (no gloves)
MR       .....                  (no boots)
Stlth    +.........             (no amulet)
HPRegen  0.09/turn              (no ring)
MPRegen  0.08/turn              (no ring)

@: no status effects
A: rugged brown scales 1, rot immunity
a: no special abilities


You were on level 1 of the Dungeon.
You visited 1 branch of the dungeon, and saw 2 of its levels.

You collected 78 gold pieces.

Inventory:

Hand Weapons
 a - a +0 long sword (weapon)
 g - a +2 dagger of speed
Missiles
 d - 2 throwing nets (quivered)
Armour
 b - a +0 leather armour (worn)
 c - a +0 helmet (worn)
 i - a +2 kite shield
Jewellery
 j - an uncursed ring of fire
Scrolls
 e - a scroll of magic mapping {unknown}
 h - a scroll of identify {unknown}
 k - a scroll of random uselessness {unknown}
 m - a scroll of fear {unknown}
Potions
 f - a potion of mutation {unknown}
 l - 3 potions of curing {unknown}


   Skills:
 + Level 2.8 Fighting
 + Level 3.2 Long Blades
 - Level 1.7 Throwing
 + Level 3.2 Dodging
 + Level 1.0 Shields


You had 2 spell levels left.
You didn't know any spells.
Your spell library was empty.

Dungeon Overview and Level Annotations

Branches:
Dungeon (2/15)

Altars:
Fedhas
Kikubaaqudgha


Innate Abilities, Weirdness & Mutations

You are partially covered in rugged brown scales. (AC +1, +3% HP)
You are immune to rotting.


Message History

You are too injured to fight recklessly!
Unknown command.
You are too injured to fight recklessly!
Unknown command.
You are too injured to fight recklessly!
Throwing (i - inventory)
d - 3 throwing nets (quivered)
Press: ? - help, Shift-Dir - straight line, f - gnoll
Aim: a gnoll, wielding a +0 flail You throw a throwing net.
The throwing net hits the gnoll.
The gnoll is caught in the net!
The gnoll struggles against the net.
The gnoll hits you with a +0 whip!
* * * LOW HITPOINT WARNING * * *
Throwing (i - inventory)
d - 2 throwing nets (quivered)
Press: ? - help, Shift-Dir - straight line, p - gnoll
Okay, then.
You hit the gnoll but do no damage.
The gnoll struggles against the net.
The gnoll misses you.
You hit the gnoll but do no damage.
The gnoll struggles against the net.
The gnoll hits you with a +0 whip.
You die...

# #.# #.# #.# # #.#
#.# #.# # #.# #.#
#.# #####.# #.# #.#
......# #.# #.#
#####.# #.# #.#
......###.### #.#
............#####g#
..........#....g@.#
###################


You could see 2 gnolls.

Vanquished Creatures
  3 gnolls
  A leopard gecko (D:1)
  A ball python (D:2)
  4 giant cockroaches
  2 goblins (D:1)
  3 hobgoblins (D:1)
  4 jackals (D:1)
  5 kobolds
  A quokka (D:2)
  2 bats (D:1)
  A frilled lizard (D:2)
  3 rats (D:1)
30 creatures vanquished.

Notes
Turn   | Place    | Note
-------+----------+-------------------------------------------
     0 | D:1      | grandjackal the Demonspawn Gladiator began the quest for
                  | the Orb.
     0 | D:1      | Reached XP level 1. HP: 16/16 MP: 1/1
    80 | D:1      | Gained mutation: You are partially covered in rugged brown
                  | scales. (AC +1, +3% HP) [demonic ancestry]
    80 | D:1      | Reached XP level 2. HP: 13/22 MP: 2/2
   803 | D:1      | Gained mutation: You are immune to rotting. [demonic
                  | ancestry]
   803 | D:1      | Reached XP level 3. HP: 15/28 MP: 3/3
  1138 | D:2      | Found a blossoming altar of Fedhas.
  1138 | D:2      | Found an ancient bone altar of Kikubaaqudgha.
  1185 | D:1      | Reached skill level 1 in Shields
  1373 | D:1      | Slain by a gnoll

Illustrated notes

Levels and vault maps discovered:
D:1:      heliophobic_arrival_battle_scene, layout_loops_ring
D:2:      layout_basic, grunt_temple_overflow_growth_and_decay

Skill      XL: |  1  2  3 |
---------------+----------+-----
Dodging        | 3 |  3.2
Long Blades    | 3 |  3.2
Shields        | 1 |  1.0
Fighting       | |  2.8
Throwing       | |  1.7

Action                   || total
-------------------------++-------
Melee: Long sword        ||    67
Throw: Throwing net      ||     1
 Stab: Sleeping          ||     1
Armor: Leather armour    ||    19
Dodge: Dodged            ||    62
       Rpst.: Long sword ||    16

Table legend: (Time is in decaauts)
 A = Elapsed time spent in this place.
 B = Non-inter-level travel time spent in this place.
 C = Inter-level travel time spent in this place.
 D = Time resting spent in this place.
 E = Time spent auto-exploring this place.
 F = Levels seen in this place.
 G = Mean time per level.
                   A        B        C        D        E       F      G
               +--------+--------+--------+--------+--------+-----+--------+
         Total |   1390 |   1307 |     83 |    440 |    663 |   2 |  695.0 |
       Dungeon |   1390 |   1307 |     83 |    440 |    663 |   2 |  695.0 |
               +--------+--------+--------+--------+--------+-----+--------+

Top non-repeatable levels by time:
     D:1: 1201 daAuts
     D:2: 189 daAuts
